 Dungeon Crawl Stone Soup version 0.29-a0-330-g52719c12eb (webtiles) character file.

Game seed: 3146079647800897263

25 inmateoo the Skirmisher (level 2, -5/24 HPs)
             Began as a Demonspawn Fighter on Apr 28, 2022.
             Killed from afar by Natasha (6 damage)
             ... with a magic dart
             ... on level 2 of the Dungeon.
             The game lasted 00:00:27 (338 turns).

inmateoo the Skirmisher (Demonspawn Fighter)         Turns: 338, Time: 00:00:28

Health: -5/24      AC:  6    Str: 16    XL:     2   Next: 82%
Magic:  2/2        EV:  8    Int:  9    God:
Gold:   5          SH:  4    Dex: 12    Spells: 1/1 levels left

rFire   . . .      SeeInvis .     - Unarmed
rCold   . . .      Faith    .   b - +0 buckler
rNeg    . . .      Spirit   .   a - +0 scale mail
rPois   .          Reflect  .   (no helmet)
rElec   .          Harm     .   (no cloak)
rCorr   .          Rampage  .   (no gloves)
Will    .....                   (no boots)
Stlth   ..........              (no amulet)
HPRegen 0.08/turn               (no ring)
MPRegen 0.08/turn               (no ring)

@: mighty
A: powered by death 1
a: no special abilities


You were on level 2 of the Dungeon.
You visited 1 branch of the dungeon, and saw 2 of its levels.

You collected 5 gold pieces.

Inventory:

Armour
 a - a +0 scale mail (worn)
 b - a +0 buckler (worn)
Scrolls
 d - a scroll of identify {unknown}


   Skills:
 + Level 3.2 Fighting
 + Level 2.9 Armour
 + Level 2.9 Shields
 * Level 2.3 Unarmed Combat


You had one spell level left.
You didn't know any spells.
Your spell library contained the following spells:

 Spells                   Type           Power      Damage    Failure   Level
 Summon Forest            Summ/Tloc      0%         N/A       100%        5
 Eringya's Noxious Bog    Tmut/Pois      0%         N/A       100%        6
 Summon Hydra             Summ           0%         N/A       100%        7


Dungeon Overview and Level Annotations

Branches:
Dungeon (1/15)

Altars:

Annotations:
D:2 Natasha


Innate Abilities, Weirdness & Mutations

You regenerate a little health from kills.


Message History

Natasha claws you but does no damage.
You closely miss Natasha.
Natasha is heavily wounded.
The shadow imp hits you. Natasha claws you.
You barely miss Natasha.
Natasha is heavily wounded.
The shadow imp hits you. Natasha closely misses you.
You hit Natasha.
Natasha is almost dead.
The shadow imp hits you. You block Natasha's attack.
You closely miss Natasha.
Natasha is almost dead.
The shadow imp hits you. Natasha casts a spell at you. The magic dart hits you.
* * * LOW HITPOINT WARNING * * *
You hit Natasha.
Natasha is almost dead.
The shadow imp hits you but does no damage.
Natasha claws you.
* * * LOW HITPOINT WARNING * * *
You hit Natasha but do no damage.
Natasha is almost dead.
The shadow imp closely misses you. Natasha claws you.
* * * LOW HITPOINT WARNING * * *
Unknown command.
You hit Natasha.
Natasha is almost dead.
The shadow imp hits you but does no damage.
You block Natasha's attack.
Unknown command.
You aren't carrying any items that you can evoke.
Unknown command.
Okay, then.
Okay, then.
You feel very mighty all of a sudden. You block the shadow imp's attack.
Natasha casts a spell at you. The magic dart hits you.
You die...

#........>.#
#.......÷..#
.........÷.# .
#........÷.# ...
...........##...
#..........#.... .
#............# ..
#........5.#.## ..#
########@#....... ####
#h#..##.##
#...#######l#......#
$##...S.##S..5.§.##...#
......5h..........#
...#
..##......l.......# .
###.####.......... #.
#........... ##
.........####


You could see Natasha, 2 shadow imps and a frilled lizard.

Vanquished Creatures
  2 adders (D:2)
  2 endoplasms (D:2)
  A hobgoblin (D:2)
  A ball python (D:2)
  A bat (D:2)
  A frilled lizard (D:2)
  A rat (D:2)
9 creatures vanquished.

Notes
Turn   | Place    | Note
-------+----------+-------------------------------------------
     0 | D:1      | inmateoo the Demonspawn Fighter began the quest for the
                  | Orb.
     0 | D:1      | Reached XP level 1. HP: 18/18 MP: 1/1
    29 | D:1      | You fall into a shaft and drop 1 floor!
    53 | D:2      | Gained mutation: You regenerate a little health from kills.
                  | [demonic ancestry]
    53 | D:2      | Reached XP level 2. HP: 12/24 MP: 2/2
   308 | D:2      | Noticed Natasha
   315 | D:2      | Noticed a crimson imp
   336 | D:2      | HP: 1/24 [Natasha (1)]
   338 | D:2      | Killed from afar by Natasha

Illustrated notes

Levels and vault maps discovered:
D:1:      heliophobic_arrival_enchanted_forest, layout_loops_cross,
          chequers_garden, chequers_serial_rivers_large_b, minmay_tall_x
D:2:      layout_rooms, uniq_sigmund, uniq_natasha

Skill      XL: |  1 |
---------------+----+-----
Unarmed Combat | 2 |  2.3
Fighting       | |  3.2
Armour         | |  2.9
Shields        | |  2.9

Action                   || total
-------------------------++-------
Melee: Unarmed           ||    60
  Use: Potion            ||     1
Armor: Scale mail        ||    40
Dodge: Dodged            ||    37
Block: Buckler           ||    12

Table legend: (Time is in decaauts)
 A = Elapsed time spent in this place.
 B = Non-inter-level travel time spent in this place.
 C = Inter-level travel time spent in this place.
 D = Time resting spent in this place.
 E = Time spent auto-exploring this place.
 F = Levels seen in this place.
 G = Mean time per level.
                   A        B        C        D        E       F      G
               +--------+--------+--------+--------+--------+-----+--------+
         Total |    337 |    337 |      0 |    198 |     37 |   2 |  168.5 |
       Dungeon |    337 |    337 |      0 |    198 |     37 |   2 |  168.5 |
               +--------+--------+--------+--------+--------+-----+--------+

Top non-repeatable levels by time:
     D:2: 308 daAuts
     D:1: 29 daAuts
